 Dungeon Crawl Stone Soup version 0.29.0-15-g675c0067aa (webtiles) character file.

Game seed: 13184275544440333498

7798 qw the Cleaver (level 11, -5/54 HPs)
             Began as a Gargoyle Delver on Sept 11, 2022.
             Was an Elder of Okawaru.
             Slain by a tentacled starspawn (7 damage)
             ... on level 1 of the Abyss.
             The game lasted 00:04:40 (12044 turns).

qw the Cleaver (Gargoyle Delver)                   Turns: 12044, Time: 00:04:41

Health: -5/54      AC: 24    Str: 20    XL:     11   Next: 20%
Magic:  13/15      EV: 14    Int:  6    God:    Okawaru [****..]
Gold:   433        SH: 11    Dex:  7    Spells: 10/10 levels left

rFire   . . .      SeeInvis +   c - +2 broad axe (vorpal)
rCold   + . .      Faith    .   u - +0 kite shield
rNeg    + . .      Spirit   .   m - +7 Kryia's mail coat {PotionHeal*2 rC+}
rPois   inf        Reflect  .   l - +0 helmet
rElec   +          Harm     .   (no cloak)
rCorr   .          Rampage  .   a - +1 pair of gloves {Str+3}
Will    .....      Rage     9%  (no boots)
Stlth   +++.......              d - amulet of the acrobat
HPRegen 0.18/turn               j - ring of see invisible
MPRegen 0.14/turn               v - +4 ring of evasion

@: heroic, unable to read, unable to drink
A: sickness immunity, AC +8, negative energy resistance 1, electricity
resistance, torment resistance 1, petrification resistance, [berserk 2], [clumsy
2], [deformed body], [dopey 2], [frail 2], [screaming 2], [weak 2], [subdued
magic 2], [inability to drink after injury 2], [inability to read after injury
2]
a: Renounce Religion, Heroism, Finesse


You were on level 1 of the Abyss.
You worshipped Okawaru.
Okawaru was greatly pleased with you.
You visited 2 branches of the dungeon, and saw 11 of its levels.
You visited the Abyss 1 time.

You collected 618 gold pieces.
You spent 185 gold pieces at shops.


Innate Abilities, Weirdness & Mutations

You are immune to sickness and miasma.
Your stone body is resilient. (AC +8)
You are immune to poison.
You resist negative energy. (rN+)
You are resistant to electric shocks. (rElec)
You are resistant to unholy torment.
You are immune to petrification.
[You have an uncontrollable temper.]
[You are very clumsy. (Dex -4)]
[Armour fits poorly on your strangely shaped body.]
[You are very dopey. (Int -4)]
[You are very frail. (-20% HP)]
[You frequently scream uncontrollably at your foes.]
[You are very weak. (Str -4)]
[Your spells are easier to cast, but less powerful.]
[You sometimes lose the ability to drink potions when taking damage.]
[You sometimes lose the ability to read scrolls when taking damage.]


   Skills:
 - Level 8.2(13.2) Fighting
 + Level 10.4(15.4) Axes
 - Level 2.0(7.0) Throwing
 - Level 4.0(9.0) Armour
 - Level 2.0(7.0) Dodging
 - Level 5.4(10.4) Stealth
 - Level 9.0(14.0) Shields
 + Level 5.5 Invocations


You had 10 spell levels left.
You didn't know any spells.
Your spell library was empty.

Inventory:

Hand Weapons
 c - a +2 vorpal broad axe (weapon)
 n - a +0 flail
Missiles
 s - 3 boomerangs (quivered)
Armour
 a - a +1 pair of gloves of strength (worn)
 l - a +0 helmet (worn)
 m - the +7 Kryia's mail coat (worn) {PotionHeal*2 rC+}
   (You found it on level 2 of the Dungeon)

   Potions are twice as effective at healing its wearer.
   rC:        It protects you from cold.
 t - a +0 plate armour
 u - a +0 kite shield (worn)
Jewellery
 d - an amulet of the acrobat (around neck)
 j - a ring of see invisible (left hand)
 p - a +4 ring of protection
 v - a +4 ring of evasion (right hand)
Wands
 g - a wand of digging (3)
Scrolls
 e - 6 scrolls of teleportation
 o - a scroll of identify
Potions
 b - a potion of might
 f - 4 potions of haste
 h - 5 potions of curing
 i - a potion of heal wounds
 k - a potion of mutation
 q - a potion of magic
 r - a potion of cancellation

Dungeon Overview and Level Annotations

Branches:
Dungeon (10/15)            Temple (1/1) D:4
   Lair: D:8-11         Orc: D:9-12

Altars:
Ashenzari
Cheibriados
Dithmenos
Elyvilon
Fedhas
Gozag
Hepliaklqana
Kikubaaqudgha
Makhleb
Nemelex Xobeh
Okawaru
Qazlal
Ru
Sif Muna
Trog
Uskayaw
Vehumet
Wu Jian
Xom
Yredelemnul
Zin
The Shining One

Shops:
D:3 [   D:4 *=

Portals:
Abyss: D:5

Annotations:
D:5 2 transporters, qw's ghost, weakling GrDe
D:8 3 runed translucent doors, qw's ghost, novice MiBe
D:10 Erolcha; Lodul


Message History

The neqoxec is heavily wounded.
You slash the neqoxec!
You kill the neqoxec!
Okawaru accepts your kill.
A tentacled starspawn comes into view.
12018 ||| Stepping ~*~*~tactically~*~*~ (stealth).
12019 ||| Stepping ~*~*~tactically~*~*~ (stealth).
You feel like a meek peon again.
12036 ||| Stepping ~*~*~tactically~*~*~ (stealth).
12038 ||| Stepping ~*~*~tactically~*~*~ (stealth).
A small abomination comes into view.
12039 ||| INVOKING Heroism.
You gain the combat prowess of a mighty hero.
The tentacled starspawn misses you.
You block the tentacled starspawn's attack.
You hit the tentacled starspawn but do no damage.
Tentacles burst from the starspawn's body! 2 starspawn tentacles come into view.
You barely miss the starspawn tentacle. You hit the tentacled starspawn.
The tentacled starspawn bites you but does no damage.
You block the tentacled starspawn's attack.
You hit the tentacled starspawn.
The tentacled starspawn is lightly damaged.
You hit the starspawn tentacle. x2
You block the starspawn tentacle's attack. x2
The tentacled starspawn bites you!!
You feel threatened and lose the ability to read scrolls!
You feel threatened and lose the ability to drink potions!
The tentacled starspawn misses you.
You hit the starspawn tentacle but do no damage.
The starspawn tentacle is moderately damaged.
You slash the tentacled starspawn! You slash the starspawn tentacle!
You slash the small abomination! The small abomination misses you.
You block the starspawn tentacle's attack.
The starspawn tentacle closely misses you.
You block the small abomination's attack.
The tentacled starspawn barely misses you.
The tentacled starspawn tentacle-slaps you!
You die...

... . #.. #..##.
# # ##..##..##..
~ # ..........X
. .........#
##### ..
.........#......
. .
.........#...#
##. .
........wX.# ###
..
#...x@w#...... .
#.............
#.....#....... .
#.....###.......
. #.....
...........
#..... # ......
... #.....
.......## #.....
...... #..... ..
...#


You could see a tentacled starspawn, a small abomination and 2 starspawn
tentacles.

Vanquished Creatures
  A boulder beetle (D:10)
  2 wretched stars (Abyss:1)
  Psyche (D:10)
  A troll (D:7)
  A hornet (D:10)
  Sigmund (D:4)
  A neqoxec (Abyss:1)
  5 yaks (D:10)
  Grum (D:9)
  A large abomination (Abyss:1)
  3 water moccasins
  2 orc warriors
  An ice beast (D:6)
  2 sky beasts (D:7)
  A black bear (D:5)
  2 wolves (D:9)
  2 centaurs
  8 ogres
  5 kobold brigands
  2 bullfrogs
  2 gnoll sergeants
  3 necrophages
  A scorpion (D:5)
  8 wights
  6 killer bees (D:10)
  A crimson imp (D:6)
  2 jellies (D:6)
  8 orc priests
  3 hounds
  Jessica (D:2)
  An iguana (D:5)
  5 orc wizards
  6 adders
  12 gnolls
  A shadow imp (D:7)
  2 ufetubi
  2 worms (D:4)
  A dart slug (D:1)
  19 orcs
  6 bats
  7 endoplasms
  2 giant cockroaches
  2 hobgoblins (D:1)
  6 jackals
  2 quokkas (D:2)
  5 ball pythons
  A frilled lizard (D:1)
  3 goblins
  25 kobolds
  A rat (D:1)
187 creatures vanquished.

Vanquished Creatures (others)
  3 fungi (D:8)
  A plant (D:8)
4 creatures vanquished.

Grand Total: 191 creatures vanquished

Notes
Turn   | Place    | Note
-------+----------+-------------------------------------------
     0 | D:5      | qw the Gargoyle Delver began the quest for the Orb.
     0 | D:5      | Reached XP level 1. HP: 14/14 MP: 1/1
     0 | D:5      | 0 ||| qw: Version: 0.1-a-117-gfe26ee0
     0 | D:5      | 0 ||| qw: Game counter: 9869
     0 | D:5      | 0 ||| qw: Always use a shield: true
     0 | D:5      | 0 ||| qw: God list: Okawaru
     0 | D:5      | 0 ||| qw: Allow faded altars: false
     0 | D:5      | 0 ||| qw: Do Orc after D:15 true
     0 | D:5      | 0 ||| qw: Do second Lair branch before Depths: true
     0 | D:5      | 0 ||| qw: Lair rune preference: random
     0 | D:5      | 0 ||| qw: Plans: Normal
     0 | D:5      | 0 ||| PLANNING D:1-11
     5 | D:5      | 5 ||| DROPPING scroll of fog.
     6 | D:5      | 6 ||| DROPPING scroll of magic mapping.
     7 | D:5      | 7 ||| DROPPING scroll of fear.
    19 | D:4      | 19 ||| Stepping ~*~*~tactically~*~*~ (stealth).
    21 | D:4      | 21 ||| Stepping ~*~*~tactically~*~*~ (stealth).
    25 | D:4      | 25 ||| Stepping ~*~*~tactically~*~*~ (stealth).
    32 | D:4      | 32 ||| Stepping ~*~*~tactically~*~*~ (stealth).
    45 | D:4      | 45 ||| Stepping ~*~*~tactically~*~*~ (stealth).
    46 | D:4      | 46 ||| Stepping ~*~*~tactically~*~*~ (stealth).
    82 | D:4      | Reached skill level 2 in Axes
   154 | D:4      | 154 ||| Stepping ~*~*~tactically~*~*~ (stealth).
   171 | D:4      | HP: 1/14 [worm (3)]
   181 | D:4      | Reached XP level 2. HP: 1/19 MP: 2/2
   469 | D:4      | Found a staircase to the Ecumenical Temple.
   470 | D:4      | 470 ||| PLANNING TEMPLE
   470 | D:4      | 470 ||| DROPPING orb of mayhem.
   471 | D:4      | 471 ||| READING scroll labelled ZOFIEB OBAXE.
   480 | Temple   | Entered the Ecumenical Temple
   654 | Temple   | 654 ||| PLANNING D:1-11
   850 | D:3      | 850 ||| DROPPING +0 club.
   881 | D:3      | Found Biram's Antique Armour Shoppe.
   900 | D:3      | 900 ||| SHOPLISTING chain mail (126 gold, have 40).
   900 | D:3      | 900 ||| SHOPLISTING plate armour (644 gold, have 40).
   900 | D:3      | 900 ||| SHOPLISTING ring mail (112 gold, have 40).
   900 | D:3      | 900 ||| SHOPLISTING runed plate armour (728 gold, have 40).
   900 | D:3      | 900 ||| SHOPLISTING scale mail (112 gold, have 40).
   909 | D:3      | 909 ||| READING scroll labelled GOUSHRI JOTWUVOO.
  1235 | D:1      | 1235 ||| Stepping ~*~*~tactically~*~*~ (stealth).
  1237 | D:1      | 1237 ||| Stepping ~*~*~tactically~*~*~ (stealth).
  1246 | D:1      | 1246 ||| Stepping ~*~*~tactically~*~*~ (stealth).
  1248 | D:1      | 1248 ||| Stepping ~*~*~tactically~*~*~ (stealth).
  1487 | D:1      | 1487 ||| Stepping ~*~*~tactically~*~*~ (stealth).
  1489 | D:1      | 1489 ||| Stepping ~*~*~tactically~*~*~ (stealth).
  1491 | D:1      | 1491 ||| Stepping ~*~*~tactically~*~*~ (stealth).
  1577 | D:1      | Reached skill level 3 in Axes
  1663 | D:1      | Reached XP level 3. HP: 20/23 MP: 3/3
  1963 | D:1      | 1963 ||| UPGRADING to +0 chain mail.
  1973 | D:1      | 1973 ||| DROPPING +0 leather armour.
  1974 | D:1      | 1974 ||| UPGRADING to amulet of the acrobat.
  1979 | D:1      | 1979 ||| READING scroll labelled ALINIC LILEBAU.
  1980 | D:1      | 1980 ||| READING scroll labelled MOYPPU NINN.
  1985 | D:1      | 1985 ||| READING 2 scrolls labelled UCEIVA GUPS.
  1986 | D:1      | 1986 ||| READING scroll of enchant weapon.
  1986 | D:1      | 1986 ||| ENCHANTING +1 hand axe.
  1987 | D:1      | 1987 ||| DRINKING 2 grey potions.
  2083 | D:2      | Found a shimmering blue altar of Sif Muna.
  2137 | D:2      | Found a faded altar of an unknown god.
  2287 | D:2      | 2287 ||| Stepping ~*~*~tactically~*~*~ (stealth).
  2314 | D:2      | Noticed Jessica
  2315 | D:2      | 2315 ||| Stepping ~*~*~tactically~*~*~ (hiding).
  2325 | D:2      | Killed Jessica
  2326 | D:2      | Reached XP level 4. HP: 22/28 MP: 4/4
  2841 | D:2      | 2841 ||| Stepping ~*~*~tactically~*~*~ (stealth).
  2862 | D:2      | Found the +7 Kryia's mail coat {PotionHeal*2 rC+}
  2889 | D:2      | 2889 ||| UPGRADING to +7 Kryia's mail coat {PotionHeal*2
                  | rC+}.
  2899 | D:2      | 2899 ||| DROPPING +0 chain mail.
  2900 | D:2      | 2900 ||| READING scroll labelled NITEMEFAFE.
  2901 | D:2      | 2901 ||| DRINKING 2 coppery potions.
  2923 | D:3      | 2923 ||| DROPPING +0 whip.
  2969 | D:3      | 2969 ||| READING scroll of enchant weapon.
  2969 | D:3      | 2969 ||| ENCHANTING +2 hand axe.
  3089 | D:3      | 3089 ||| READING scroll of enchant weapon.
  3089 | D:3      | 3089 ||| ENCHANTING +3 hand axe.
  3372 | D:3      | 3372 ||| READING scroll of enchant weapon.
  3372 | D:3      | 3372 ||| ENCHANTING +4 hand axe.
  3417 | D:3      | 3417 ||| READING 3 scrolls labelled ZIRCHOJ HOESK.
  3418 | D:3      | 3418 ||| READING scroll labelled FOMAENALOU.
  3419 | D:3      | 3419 ||| DROPPING 2 scrolls of blinking.
  3459 | D:4      | Noticed Sigmund
  3460 | D:4      | 3460 ||| Stepping ~*~*~tactically~*~*~ (hiding).
  3562 | D:4      | 3562 ||| Stepping ~*~*~tactically~*~*~ (hiding).
  3577 | D:4      | Killed Sigmund
  3578 | D:4      | Reached skill level 5 in Axes
  3578 | D:4      | Reached XP level 5. HP: 13/32 MP: 5/5
  3578 | D:4      | Reached XP level 6. HP: 15/37 MP: 6/6
  3652 | D:4      | 3652 ||| Stepping ~*~*~tactically~*~*~ (stealth).
  3666 | D:4      | 3666 ||| Stepping ~*~*~tactically~*~*~ (stealth).
  3757 | D:4      | 3757 ||| Stepping ~*~*~tactically~*~*~ (stealth).
  3760 | D:4      | 3760 ||| Stepping ~*~*~tactically~*~*~ (stealth).
  3761 | D:4      | 3761 ||| Stepping ~*~*~tactically~*~*~ (stealth).
  3821 | D:4      | 3821 ||| Stepping ~*~*~tactically~*~*~ (stealth).
  3821 | D:4      | Found an ancient bone altar of Kikubaaqudgha.
  3821 | D:4      | Found a hazy altar of Hepliaklqana.
  3833 | D:4      | Found Caeta's Jewellery Shoppe.
  3851 | D:4      | 3851 ||| SHOPLISTING +4 ring of evasion (396 gold, have
                  | 214).
  3851 | D:4      | 3851 ||| SHOPLISTING amulet of regeneration (330 gold, have
                  | 214).
  3851 | D:4      | 3851 ||| SHOPLISTING ring of resist corrosion (220 gold,
                  | have 214).
  3851 | D:4      | 3851 ||| BUYING ring of see invisible (165 gold).
  3851 | D:4      | Bought a ring of see invisible for 165 gold pieces
  3997 | D:4      | Found Diriejuy's General Store.
  4004 | D:4      | 4004 ||| SHOPLISTING +0 plate armour (230 gold, have 49).
  4004 | D:4      | 4004 ||| BUYING scroll of identify (20 gold).
  4004 | D:4      | Bought a scroll of identify for 20 gold pieces
  4327 | D:4      | 4327 ||| DROPPING ring of wizardry.
  4328 | D:4      | 4328 ||| UPGRADING to ring of see invisible.
  4329 | D:4      | 4329 ||| DRINKING 2 fuming emerald potions.
  4330 | D:4      | 4330 ||| DRINKING 2 sapphire potions.
  4435 | D:4      | 4435 ||| READING 2 scrolls of identify.
  4435 | D:4      | 4435 ||| IDENTIFYING lumpy puce potion
  4436 | D:4      | 4436 ||| DROPPING potion of lignification.
  4437 | D:4      | 4437 ||| DROPPING potion of berserk rage.
  4449 | D:5      | 4449 ||| RIP SEWER
  4451 | D:5      | 4451 ||| STAIRDANCE
  4505 | D:5      | 4505 ||| STAIRDANCE
  4526 | D:5      | 4526 ||| Stepping ~*~*~tactically~*~*~ (hiding).
  4659 | D:5      | Noticed qw's ghost (weakling GrDe)
  4766 | D:5      | 4766 ||| DROPPING +1 whip of venom.
  4812 | D:5      | Found a transporter.
  4830 | D:5      | Found a transporter.
  4831 | D:5      | Found a one-way gate to the infinite horrors of the Abyss.
  4928 | D:5      | Noticed a black bear
  4929 | D:5      | 4929 ||| FLEEEEING.
  4930 | D:5      | 4930 ||| FLEEEEING.
  4931 | D:5      | 4931 ||| FLEEEEING.
  4932 | D:5      | 4932 ||| FLEEEEING.
  4933 | D:5      | 4933 ||| FLEEEEING.
  4934 | D:5      | 4934 ||| FLEEEEING.
  4935 | D:5      | 4935 ||| FLEEEEING.
  4936 | D:5      | 4936 ||| FLEEEEING.
  4937 | D:5      | 4937 ||| FLEEEEING.
  4938 | D:5      | 4938 ||| FLEEEEING.
  4939 | D:5      | 4939 ||| FLEEEEING.
  4940 | D:5      | 4940 ||| FLEEEEING.
  4941 | D:5      | 4941 ||| FLEEEEING.
  4942 | D:5      | 4942 ||| FLEEEEING.
  4943 | D:5      | 4943 ||| FLEEEEING.
  4944 | D:5      | 4944 ||| FLEEEEING.
  4945 | D:5      | 4945 ||| FLEEEEING.
  4946 | D:5      | 4946 ||| FLEEEEING.
  4947 | D:5      | 4947 ||| FLEEEEING.
  4948 | D:5      | 4948 ||| FLEEEEING.
  4949 | D:5      | 4949 ||| FLEEEEING.
  4950 | D:5      | 4950 ||| FLEEEEING.
  4951 | D:5      | 4951 ||| FLEEEEING.
  4952 | D:5      | 4952 ||| FLEEEEING.
  4953 | D:5      | 4953 ||| FLEEEEING.
  4954 | D:5      | 4954 ||| FLEEEEING.
  4955 | D:5      | 4955 ||| STAIRDANCE
  5057 | D:4      | 5057 ||| UPGRADING to +1 pair of gloves of strength.
  5062 | D:4      | 5062 ||| READING scroll labelled KAMPOTH XAUN.
  5067 | D:5      | Killed a black bear
  5068 | D:5      | Reached skill level 6 in Axes
  5068 | D:5      | Reached XP level 7. HP: 43/43 MP: 7/7
  5071 | D:5      | 5071 ||| STAIRDANCE
  5081 | D:5      | 5081 ||| STAIRDANCE
  5432 | D:5      | Reached skill level 7 in Axes
  5545 | D:5      | Found a bloodstained altar of Trog.
  5546 | D:5      | Found a glowing silver altar of Zin.
  5546 | D:5      | Found a broken altar of Ashenzari.
  5548 | D:5      | Found a sparkling altar of Nemelex Xobeh.
  5549 | D:5      | Found a basalt altar of Yredelemnul.
  5550 | D:5      | Found a glowing golden altar of the Shining One.
  5654 | D:6      | 5654 ||| Stepping ~*~*~tactically~*~*~ (stealth).
  5912 | D:6      | Found a radiant altar of Vehumet.
  5913 | D:6      | 5913 ||| Stepping ~*~*~tactically~*~*~ (hiding).
  6015 | D:6      | Found a burning altar of Makhleb.
  6125 | D:6      | Reached skill level 1 in Throwing
  6358 | D:6      | 6358 ||| Stepping ~*~*~tactically~*~*~ (stealth).
  6359 | D:6      | 6359 ||| Stepping ~*~*~tactically~*~*~ (stealth).
  6361 | D:6      | 6361 ||| Stepping ~*~*~tactically~*~*~ (stealth).
  6417 | D:6      | Reached XP level 8. HP: 48/48 MP: 8/8
  6473 | D:6      | Found an iron altar of Okawaru.
  6651 | D:6      | 6651 ||| UPGRADING to +0 buckler.
  6656 | D:6      | 6656 ||| READING 3 scrolls of identify.
  6656 | D:6      | 6656 ||| IDENTIFYING murky golden potion
  6657 | D:6      | 6657 ||| READING 2 scrolls of identify.
  6657 | D:6      | 6657 ||| IDENTIFYING black potion
  6658 | D:6      | 6658 ||| DROPPING potion of brilliance.
  6663 | D:6      | Became a worshipper of Warmaster Okawaru
  6685 | D:7      | 6685 ||| Stepping ~*~*~tactically~*~*~ (hiding).
  6695 | D:7      | 6695 ||| Stepping ~*~*~tactically~*~*~ (stealth).
  6697 | D:7      | 6697 ||| Stepping ~*~*~tactically~*~*~ (hiding).
  6715 | D:7      | 6715 ||| Stepping ~*~*~tactically~*~*~ (hiding).
  6817 | D:7      | 6817 ||| Stepping ~*~*~tactically~*~*~ (hiding).
  6934 | D:7      | Reached skill level 3 in Shields
  6998 | D:7      | 6998 ||| Stepping ~*~*~tactically~*~*~ (stealth).
  7044 | D:7      | Noticed a troll
  7052 | D:7      | Killed a troll
  7052 | D:7      | Reached * piety under Okawaru
  7053 | D:7      | Reached skill level 8 in Axes
  7251 | D:7      | 7251 ||| INVOKING Heroism.
  7252 | D:7      | 7252 ||| INVOKING Heroism.
  7270 | D:7      | Reached skill level 1 in Invocations
  7349 | D:7      | 7349 ||| SWAPPING to +2 war axe of electrocution.
  7350 | D:7      | 7350 ||| DROPPING +5 hand axe.
  7357 | D:7      | 7357 ||| Stepping ~*~*~tactically~*~*~ (hiding).
  7358 | D:7      | 7358 ||| INVOKING Heroism.
  7371 | D:7      | Reached XP level 9. HP: 35/55 MP: 8/10
  7374 | D:7      | 7374 ||| INVOKING Heroism.
  7377 | D:7      | Reached skill level 3 in Invocations
  7595 | D:7      | Reached skill level 6 in Fighting
  7604 | D:7      | Found a stormy altar of Qazlal.
  7962 | D:7      | 7962 ||| DROPPING amulet of guardian spirit.
  7963 | D:7      | 7963 ||| READING scroll labelled UZXY WINUTE.
  7963 | D:7      | Identified a scroll of acquirement
  7963 | D:7      | 7963 ||| ACQUIRING +1 vorpal broad axe
  7963 | D:7      | Acquired a +1 vorpal broad axe
  7965 | D:7      | 7965 ||| SWAPPING to +1 vorpal broad axe.
  7966 | D:7      | 7966 ||| DROPPING +2 war axe of electrocution.
  7967 | D:7      | 7967 ||| READING 3 scrolls of identify.
  7967 | D:7      | 7967 ||| IDENTIFYING smoky silvery potion
  7968 | D:7      | 7968 ||| READING 2 scrolls of identify.
  7968 | D:7      | 7968 ||| IDENTIFYING bubbling white potion
  7969 | D:7      | 7969 ||| DROPPING potion of ambrosia.
  8029 | D:8      | 8029 ||| INVOKING Heroism.
  8049 | D:8      | Reached skill level 3 in Armour
  8091 | D:8      | 8091 ||| INVOKING Heroism.
  8127 | D:8      | 8127 ||| READING scroll of enchant weapon.
  8127 | D:8      | 8127 ||| ENCHANTING +1 vorpal broad axe.
  8172 | D:8      | 8172 ||| INVOKING Heroism.
  8466 | D:8      | Reached skill level 9 in Axes
  8500 | D:8      | Reached ** piety under Okawaru
  8732 | D:8      | 8732 ||| Stepping ~*~*~tactically~*~*~ (stealth).
  8748 | D:8      | 8748 ||| Stepping ~*~*~tactically~*~*~ (stealth).
  8749 | D:8      | 8749 ||| Stepping ~*~*~tactically~*~*~ (stealth).
  8756 | D:8      | 8756 ||| Stepping ~*~*~tactically~*~*~ (stealth).
  8761 | D:8      | 8761 ||| Stepping ~*~*~tactically~*~*~ (stealth).
  8762 | D:8      | 8762 ||| Stepping ~*~*~tactically~*~*~ (stealth).
  8763 | D:8      | 8763 ||| Stepping ~*~*~tactically~*~*~ (stealth).
  8764 | D:8      | 8764 ||| Stepping ~*~*~tactically~*~*~ (stealth).
  8776 | D:8      | 8776 ||| INVOKING Heroism.
  8857 | D:8      | 8857 ||| Stepping ~*~*~tactically~*~*~ (stealth).
  8861 | D:8      | 8861 ||| Stepping ~*~*~tactically~*~*~ (stealth).
  8944 | D:8      | 8944 ||| Stepping ~*~*~tactically~*~*~ (stealth).
  8951 | D:8      | 8951 ||| Stepping ~*~*~tactically~*~*~ (stealth).
  8952 | D:8      | 8952 ||| Stepping ~*~*~tactically~*~*~ (stealth).
  8954 | D:8      | 8954 ||| Stepping ~*~*~tactically~*~*~ (stealth).
  8956 | D:8      | 8956 ||| Stepping ~*~*~tactically~*~*~ (stealth).
  8958 | D:8      | 8958 ||| Stepping ~*~*~tactically~*~*~ (stealth).
  8967 | D:8      | Noticed a kobold demonologist
  8968 | D:8      | Found a runed translucent gate.
  8968 | D:8      | Found a runed translucent gate.
  8968 | D:8      | Found a runed translucent gate.
  8968 | D:8      | Noticed qw's ghost (novice MiBe)
  8978 | D:8      | 8978 ||| Stepping ~*~*~tactically~*~*~ (stealth).
  8980 | D:8      | 8980 ||| Stepping ~*~*~tactically~*~*~ (stealth).
  8986 | D:8      | 8986 ||| Stepping ~*~*~tactically~*~*~ (stealth).
  9383 | D:8      | 9383 ||| UPGRADING to +0 helmet.
  9459 | D:9      | Identified the +0 robe of Yesterday {Drain rCorr Dex+5}
  9483 | D:9      | 9483 ||| Stepping ~*~*~tactically~*~*~ (stealth).
  9484 | D:9      | 9484 ||| Stepping ~*~*~tactically~*~*~ (stealth).
  9490 | D:9      | 9490 ||| Stepping ~*~*~tactically~*~*~ (stealth).
  9490 | D:9      | Found a shimmering altar of Xom.
  9491 | D:9      | 9491 ||| Stepping ~*~*~tactically~*~*~ (stealth).
  9492 | D:9      | 9492 ||| Stepping ~*~*~tactically~*~*~ (stealth).
  9494 | D:9      | 9494 ||| DRINKING 5 potions of curing.
  9494 | D:9      | 9494 ||| (to cure confusion)
  9495 | D:9      | 9495 ||| Stepping ~*~*~tactically~*~*~ (hiding).
  9497 | D:9      | 9497 ||| Stepping ~*~*~tactically~*~*~ (hiding).
  9498 | D:9      | 9498 ||| Stepping ~*~*~tactically~*~*~ (hiding).
  9499 | D:9      | 9499 ||| Stepping ~*~*~tactically~*~*~ (hiding).
  9789 | D:9      | Noticed Grum
  9790 | D:9      | 9790 ||| FLEEEEING.
  9791 | D:9      | 9791 ||| FLEEEEING.
  9813 | D:9      | 9813 ||| INVOKING Heroism.
  9816 | D:9      | 9816 ||| Stepping ~*~*~tactically~*~*~ (stealth).
  9830 | D:9      | 9830 ||| Stepping ~*~*~tactically~*~*~ (stealth).
  9859 | D:9      | 9859 ||| INVOKING Heroism.
  9865 | D:9      | Killed Grum
  9866 | D:9      | Reached XP level 10. HP: 63/63 MP: 10/13
 10024 | D:9      | 10024 ||| FLEEEEING.
 10025 | D:9      | 10025 ||| FLEEEEING.
 10026 | D:9      | 10026 ||| FLEEEEING.
 10027 | D:9      | 10027 ||| FLEEEEING.
 10028 | D:9      | 10028 ||| FLEEEEING.
 10029 | D:9      | 10029 ||| FLEEEEING.
 10030 | D:9      | 10030 ||| FLEEEEING.
 10039 | D:9      | 10039 ||| FLEEEEING.
 10040 | D:9      | 10040 ||| STAIRDANCE
 10305 | D:9      | 10305 ||| INVOKING Heroism.
 10309 | D:9      | 10309 ||| Stepping ~*~*~tactically~*~*~ (hiding).
 10323 | D:9      | 10323 ||| Stepping ~*~*~tactically~*~*~ (stealth).
 10488 | D:9      | 10488 ||| Stepping ~*~*~tactically~*~*~ (hiding).
 10490 | D:9      | 10490 ||| Stepping ~*~*~tactically~*~*~ (hiding).
 10491 | D:9      | 10491 ||| Stepping ~*~*~tactically~*~*~ (hiding).
 10494 | D:9      | 10494 ||| Stepping ~*~*~tactically~*~*~ (hiding).
 10495 | D:9      | 10495 ||| Stepping ~*~*~tactically~*~*~ (hiding).
 10497 | D:9      | 10497 ||| Stepping ~*~*~tactically~*~*~ (hiding).
 10501 | D:9      | 10501 ||| INVOKING Heroism.
 10504 | D:9      | 10504 ||| Stepping ~*~*~tactically~*~*~ (hiding).
 10512 | D:9      | Reached skill level 10 in Axes
 10531 | D:9      | 10531 ||| Stepping ~*~*~tactically~*~*~ (stealth).
 10533 | D:9      | 10533 ||| INVOKING Heroism.
 10643 | D:9      | 10643 ||| INVOKING Heroism.
 10644 | D:9      | 10644 ||| Stepping ~*~*~tactically~*~*~ (stealth).
 10732 | D:9      | 10732 ||| Stepping ~*~*~tactically~*~*~ (hiding).
 10834 | D:9      | 10834 ||| Stepping ~*~*~tactically~*~*~ (hiding).
 10845 | D:9      | 10845 ||| FLEEEEING.
 10846 | D:9      | 10846 ||| FLEEEEING.
 10847 | D:9      | 10847 ||| FLEEEEING.
 10848 | D:9      | 10848 ||| FLEEEEING.
 10849 | D:9      | 10849 ||| FLEEEEING.
 10850 | D:9      | 10850 ||| FLEEEEING.
 11041 | D:9      | 11041 ||| UPGRADING to +0 kite shield.
 11051 | D:9      | 11051 ||| DROPPING +0 buckler.
 11052 | D:9      | 11052 ||| UPGRADING to +4 ring of evasion.
 11053 | D:9      | 11053 ||| READING 2 scrolls of identify.
 11053 | D:9      | 11053 ||| IDENTIFYING fuming silvery potion
 11074 | D:10     | Entered Level 10 of the Dungeon
 11082 | D:10     | 11082 ||| Stepping ~*~*~tactically~*~*~ (hiding).
 11250 | D:10     | 11250 ||| Stepping ~*~*~tactically~*~*~ (stealth).
 11252 | D:10     | 11252 ||| INVOKING Heroism.
 11259 | D:10     | Reached skill level 6 in Shields
 11259 | D:10     | Noticed a boulder beetle
 11263 | D:10     | Reached *** piety under Okawaru
 11281 | D:10     | 11281 ||| INVOKING Heroism.
 11282 | D:10     | Killed a boulder beetle
 11492 | D:10     | Noticed Psyche
 11493 | D:10     | 11493 ||| INVOKING Heroism.
 11499 | D:10     | Killed Psyche
 11511 | D:10     | Noticed Erolcha
 11512 | D:10     | 11512 ||| INVOKING Heroism.
 11538 | D:10     | 11538 ||| INVOKING Heroism.
 11552 | D:10     | Reached skill level 9 in Shields
 11586 | D:10     | Noticed Lodul
 11587 | D:10     | 11587 ||| Stepping ~*~*~tactically~*~*~ (hiding).
 11592 | D:10     | 11592 ||| INVOKING Heroism.
 11602 | D:10     | Reached **** piety under Okawaru
 11603 | D:10     | Reached XP level 11. HP: 35/68 MP: 12/14
 11605 | Abyss:1  | Cast into level 1 of the Abyss (Erolcha)
 11653 | Abyss:1  | 11653 ||| INVOKING Heroism.
 11750 | Abyss:1  | Noticed a thrashing horror
 11847 | Abyss:1  | Noticed a wretched star
 11859 | Abyss:1  | HP: 12/68 [rock wall collision (19)]
 11860 | Abyss:1  | 11860 ||| DRINKING 2 potions of heal wounds.
 11872 | Abyss:1  | Killed a wretched star
 11877 | Abyss:1  | 11877 ||| Stepping ~*~*~tactically~*~*~ (stealth).
 11879 | Abyss:1  | 11879 ||| Stepping ~*~*~tactically~*~*~ (stealth).
 11880 | Abyss:1  | 11880 ||| Stepping ~*~*~tactically~*~*~ (stealth).
 11884 | Abyss:1  | Noticed a wretched star
 11884 | Abyss:1  | 11884 ||| Stepping ~*~*~tactically~*~*~ (stealth).
 11887 | Abyss:1  | 11887 ||| Stepping ~*~*~tactically~*~*~ (stealth).
 11888 | Abyss:1  | 11888 ||| Stepping ~*~*~tactically~*~*~ (stealth).
 11939 | Abyss:1  | Noticed a wretched star
 11949 | Abyss:1  | 11949 ||| INVOKING Heroism.
 11956 | Abyss:1  | HP: 11/81 [wretched star/lance of force (25)]
 11960 | Abyss:1  | Killed a wretched star
 11993 | Abyss:1  | 11993 ||| Stepping ~*~*~tactically~*~*~ (stealth).
 11999 | Abyss:1  | 11999 ||| Stepping ~*~*~tactically~*~*~ (stealth).
 12003 | Abyss:1  | 12003 ||| INVOKING Heroism.
 12017 | Abyss:1  | Noticed a tentacled starspawn
 12018 | Abyss:1  | 12018 ||| Stepping ~*~*~tactically~*~*~ (stealth).
 12019 | Abyss:1  | 12019 ||| Stepping ~*~*~tactically~*~*~ (stealth).
 12036 | Abyss:1  | 12036 ||| Stepping ~*~*~tactically~*~*~ (stealth).
 12038 | Abyss:1  | 12038 ||| Stepping ~*~*~tactically~*~*~ (stealth).
 12039 | Abyss:1  | 12039 ||| INVOKING Heroism.
 12043 | Abyss:1  | HP: 2/54 [tentacled starspawn (22)]
 12044 | Abyss:1  | Slain by a tentacled starspawn

Levels and vault maps discovered:
D:1:      dpeg_arrival_pond, layout_loops_ring, dk_noncrumbling_2
D:2:      layout_basic, shapermc_ecumenical_altar_ellora, basic_altar,
          serial_park_tiny_2, minmay_misc_feat_four_crosses, uniq_jessica
D:3:      layout_basic, serial_shops, nicolae_shop_statue_plus,
          chequers_arboretum
D:4:      layout_loops_ring, grunt_temple_overflow_open,
          minmay_temple_entry_trees, serial_shops, shop, shop, uniq_sigmund
D:5:      layout_loops_ring, minitemple, gammafunk_ghost_abyssal_escape,
          gup_sewer_entry_glass
D:6:      layout_basic, grunt_temple_overflow_lords_of_destruction,
          okawaru_ov_weapons_minmay
D:7:      layout_basic, nicolae_qazlal_style_of_elements, minmay_manual_monolith
D:8:      layout_basic, gammafunk_ghost_nasty_kobolds
D:9:      layout_basic, old_standard_altar, uniq_grum
D:10:     layout_irregular_city, erik_lair_orcish_takeover, uniq_lodul,
          uniq_psyche, uniq_erolcha, uniq_josephine
Temple:   grunt_temple_mini_profane
Abyss:1:  base:
D:7

Skill      XL: |  1  2  3  4  5  6  7  8  9 10 11 |
---------------+----------------------------------+-----
Axes           | 2 3 5 6 7 8 9 10 | 10.4
Armour         | 2 3 4 |  4.0
Fighting       | 4 5 7 8 |  8.2
Throwing       | 1 2 |  2.0
Shields        | 3 4 9 |  9.0
Invocations    | 2 4 5 |  5.5
Dodging        | 2 |  2.0
Stealth        | |  5.4

Action                   |  1- 3 |  4- 6 |  7- 9 | 10-12 || total
-------------------------+-------+-------+-------+-------++-------
Melee: Hand axe          |   122 |    88 |    99 |       ||   309
       Punch             |     2 |       |     1 |       ||     3
       War axe           |       |       |    33 |       ||    33
       Broad axe         |       |       |   134 |   182 ||   316
Throw: Javelin           |       |       |    19 |       ||    19
       Boomerang         |       |       |     1 |    21 ||    22
Invok: Heroism           |       |       |     9 |    14 ||    23
  Use: Scroll            |     6 |     8 |     6 |     1 ||    21
       Potion            |     1 |     3 |     1 |     1 ||     6
 Stab: Sleeping          |       |     1 |     1 |       ||     2
       Distracted        |       |       |       |     1 ||     1
Armor: Leather armour    |    32 |       |       |       ||    32
       Chain mail        |    23 |     8 |       |       ||    31
       Scale mail        |       |    57 |   113 |    44 ||   214
Dodge: Dodged            |    67 |    40 |   111 |    87 ||   305
Block: Buckler           |       |       |    48 |    17 ||    65
       Kite shield       |       |       |       |    75 ||    75

Table legend:
 A = Non-vault XP
 B = Vault XP
 C = Vault XP percentage of total XP
 D = Non-vault monster count
 E = Vault monster count
 F = Vault count percentage of total count
                 A         B        C        D         E       F
            +---------+---------+-------+---------+---------+-------
      Total |    8931 |    2209 |  19.8 |     170 |      17 |   9.1
            +---------+---------+-------+---------+---------+-------
        D:1 |      28 |       2 |   6.7 |      16 |       1 |   5.9
        D:2 |      33 |      37 |  52.9 |      11 |       1 |   8.3
        D:3 |       5 |       0 |   0.0 |       4 |       0 |   0.0
        D:4 |     130 |     226 |  63.5 |      20 |       1 |   4.8
        D:5 |     501 |       0 |   0.0 |       8 |       0 |   0.0
        D:6 |     254 |      46 |  15.3 |       9 |       1 |  10.0
        D:7 |    1070 |     426 |  28.5 |      22 |       3 |  12.0
        D:8 |    1481 |       0 |   0.0 |      32 |       0 |   0.0
        D:9 |     700 |     414 |  37.2 |      27 |       3 |  10.0
       D:10 |    2857 |    1058 |  27.0 |      17 |       7 |  29.2
    Abyss:1 |    1872 |       0 |   0.0 |       4 |       0 |   0.0
            +---------+---------+-------+---------+---------+-------
